 Dungeon Crawl Stone Soup version 0.26-a0-450-ge645bd13c1 (webtiles) character file.

Game seed: 6832801261096627347

44 Harras the Slasher (level 3, -9/29 HPs)
             Began as a Human Berserker on July 27, 2020.
             Was a Believer of Trog.
             Killed by nerve-wracking pain
             ... invoked by an orc priest
              (12 damage)
             ... on level 3 of the Dungeon.
             The game lasted 00:11:58 (1326 turns).

Harras the Slasher (Human Berserker)                Turns: 1326, Time: 00:11:59

Health: -9/29      AC:  5    Str: 18    XL:     3   Next: 85%
Magic:  3/3        EV: 11    Int:  7    God:    Trog [**....]
Gold:   45         SH:  0    Dex: 12    Spells: 2/2 levels left

rFire    . . .     SeeInvis .   a - +1 falchion
rCold    . . .     Faith    .   (no shield)
rNeg     . . .     Spirit   .   n - +0 ring mail
rPois    .         Reflect  .   (no helmet)
rElec    .         Harm     .   (no cloak)
rCorr    .                      (no gloves)
MR       .....                  (no boots)
Stlth    +.........             (no amulet)
HPRegen  0.09/turn              f - ring of flight
MPRegen  0.08/turn              (no ring)

@: no status effects
A: no striking features
a: Berserk, Trog's Hand, Renounce Religion, Evoke Flight


You were on level 3 of the Dungeon.
You worshipped Trog.
Trog was pleased with you.
You visited 1 branch of the dungeon, and saw 3 of its levels.

You collected 45 gold pieces.

Inventory:

Hand Weapons
 a - a +1 falchion (weapon)
Missiles
 d - 83 stones (quivered)
 l - 23 arrows
Armour
 b - a +0 animal skin
 e - a +0 leather armour
 n - a +0 ring mail (worn)
 o - a +0 ring mail
Jewellery
 f - a ring of flight (left hand)
Potions
 c - a potion of mutation {unknown}
 g - 2 potions of degeneration {unknown}
 h - a potion of flight {unknown}
 i - a potion of cancellation {unknown}
 m - a potion of lignification {unknown}


   Skills:
 + Level 3.5 Fighting
 + Level 3.7 Long Blades
 + Level 2.2 Armour
 + Level 2.2 Dodging


You had 2 spell levels left.
You didn't know any spells.
Your spell library was empty.

Dungeon Overview and Level Annotations

Branches:
Dungeon (3/15)

Altars:


Message History

The orc priest closely misses you. The orc closely misses you.
The orc hits you.
The orc priest invokes the aid of Beogh against you.
Beogh smites you!
The orc priest invokes the aid of Beogh against you.
Beogh smites you!
* * * LOW HITPOINT WARNING * * *
You see here an orc corpse.
You slash the orc!
You kill the orc!
Trog accepts your kill.
You can now call upon Trog for regeneration and magic resistance.
The hobgoblin completely misses you.
The orc priest hits you but does no damage.
The orc hits you but does no damage. The orc priest hits you.
* * * LOW HITPOINT WARNING * * *
The hobgoblin closely misses you.
The orc priest invokes the aid of Beogh against you.
Pain shoots through your body!
You die...

######### #######
........# #.....#
#..###@#######.....#
#....o†go..........##..
#...!.oo...........<...
#..##...##.........##.#
#. #.....####..........
# ......). #.##.......
..#.....###...#.####.#
#.)##............. .#
#. ##.####....#### #


You could see 3 orc priests, an orc and a hobgoblin.

Vanquished Creatures
  An adder (D:2)
  An ooze (D:1)
  A dart slug (D:1)
  A leopard gecko (D:1)
  2 orcs (D:3)
  2 giant cockroaches (D:2)
  2 goblins (D:1)
  4 hobgoblins
  4 kobolds (D:1)
  2 bats (D:1)
  2 frilled lizards
  4 rats
26 creatures vanquished.

Notes
Turn   | Place    | Note
-------+----------+-------------------------------------------
     0 | D:1      | Harras the Human Berserker began the quest for the Orb.
     0 | D:1      | Reached XP level 1. HP: 18/18 MP: 1/1
    44 | D:1      | Reached XP level 2. HP: 19/24 MP: 2/2
   436 | D:1      | Reached XP level 3. HP: 20/29 MP: 3/3
   908 | D:2      | Found a faded altar of an unknown god.
  1325 | D:3      | Reached ** piety under Trog
  1326 | D:3      | Killed from afar by an orc priest

Illustrated notes

Levels and vault maps discovered:
D:1:      dpeg_arrival_rhombus, layout_rooms, corexii_item_surrounded_by_moat,
          st_stairs_9
D:2:      layout_basic, chequers_ecumenical_altar_simple, minmay_octomino_c4
D:3:      layout_loops_ring, lemuel_doored_altar

Action                   || total
-------------------------++-------
Melee: Falchion          ||    58
Throw: Stone             ||    13
Invok: Berserk           ||     1
  Use: Scroll            ||     6
Armor: Animal skin       ||    14
       Ring mail         ||    21
Dodge: Dodged            ||    49
       Rpst.: Falchion   ||    14

Table legend: (Time is in decaauts)
 A = Elapsed time spent in this place.
 B = Non-inter-level travel time spent in this place.
 C = Inter-level travel time spent in this place.
 D = Time resting spent in this place.
 E = Time spent auto-exploring this place.
 F = Levels seen in this place.
 G = Mean time per level.
                   A        B        C        D        E       F      G
               +--------+--------+--------+--------+--------+-----+--------+
         Total |   1347 |   1347 |      0 |      0 |      0 |   3 |  449.0 |
       Dungeon |   1347 |   1347 |      0 |      0 |      0 |   3 |  449.0 |
               +--------+--------+--------+--------+--------+-----+--------+

Top non-repeatable levels by time:
     D:1: 874 daAuts
     D:2: 448 daAuts
     D:3: 24 daAuts
